IL
MEMPHIS REDBIRDS @ EL PASO CHIHUAHUAS
09/03/2049
 
TOP OF THE 1ST
Memphis Redbirds batting - Pitching for El Paso Chihuahuas : LHP Ryan Tatum
Pitching: LHP Ryan Tatum
Batting: RHB Fabrice Bertin 0-0: Ball
1-0: Swinging Strike
1-1: SINGLE (Flyball, 5D, EV 98.1 MPH)
Batting: RHB Josh Martin 0-0: Ball
1-0: Called Strike
Fabrice Bertin is caught stealing 2nd base 2-4
1-1: Called Strike
1-2: Foul Ball, location: 2F
1-2: Foul Ball, location: 2F
1-2: Ball
2-2: Fly out, F9 (Flyball, 9D, EV 88.1 MPH)
Batting: RHB McGwire Jones 0-0: Called Strike
0-1: Foul Ball, location: 2F
0-2: Ball
1-2: Fly out, F4 (Popup, 3D, EV 58.8 MPH)
Top of the 1st over - 0 runs, 1 hit, 0 errors, 0 left on base; Memphis 0 - El Paso 0
BOTTOM OF THE 1ST
El Paso Chihuahuas batting - Pitching for Memphis Redbirds : RHP Doug Nickey
Pitching: RHP Doug Nickey
Batting: RHB Robby Godwin 0-0: Ball
1-0: Ball
2-0: Called Strike
2-1: Foul Ball, location: 2F
2-2: Ball
3-2: Fly out, F7 (Flyball, 78D, EV 99.4 MPH)
Batting: RHB Jeff Brower 0-0: Ball
1-0: Ball
2-0: Foul Ball, location: 2F
2-1: Foul Ball, location: 2F
2-2: Foul Ball, location: 2F
2-2: Ball
3-2: Foul Ball, location: 2F
3-2: Foul Ball, location: 2F
3-2: Base on Balls
Batting: RHB Mike Hayward 0-0: Called Strike
0-1: Ball
1-1: Ball
2-1: Foul Ball, location: 2F
2-2: Ball
3-2: Strikes out looking
Jeff Brower is caught stealing 2nd base 2-4
Batter strikes out.
Bottom of the 1st over - 0 runs, 0 hits, 0 errors, 0 left on base; Memphis 0 - El Paso 0
TOP OF THE 2ND
Memphis Redbirds batting - Pitching for El Paso Chihuahuas : LHP Ryan Tatum
Batting: RHB Pablo Nunez 0-0: Foul Ball, location: 2F
0-1: Ball
1-1: Ball
2-1: Called Strike
2-2: Foul Ball, location: 2F
2-2: Strikes out swinging
Batting: RHB William Lung 0-0: Called Strike
0-1: Foul Ball, location: 2F
0-2: Strikes out swinging
Batting: RHB Dan Boykins 0-0: Swinging Strike
0-1: Ball
1-1: Foul Ball, location: 2F
1-2: Fly out, F8 (Flyball, 89M, EV 78.8 MPH)
Top of the 2nd over - 0 runs, 0 hits, 0 errors, 0 left on base; Memphis 0 - El Paso 0
BOTTOM OF THE 2ND
El Paso Chihuahuas batting - Pitching for Memphis Redbirds : RHP Doug Nickey
Batting: SHB Adam Martin 0-0: Ground out U3 (Groundball, 3S, EV 91.2 MPH)
Batting: RHB Andy Sheridan 0-0: Called Strike
0-1: Ball
1-1: Called Strike
1-2: Foul Ball, location: 2F
1-2: Ball
2-2: Foul Ball, location: 2F
2-2: Strikes out swinging
Batting: RHB Jerry Escamilla 0-0: Called Strike
0-1: Ball
1-1: Fly out, F9 (Line Drive, 89S, EV 93.1 MPH)
Bottom of the 2nd over - 0 runs, 0 hits, 0 errors, 0 left on base; Memphis 0 - El Paso 0
TOP OF THE 3RD
Memphis Redbirds batting - Pitching for El Paso Chihuahuas : LHP Ryan Tatum
Batting: LHB Sam Britt 0-0: Called Strike
0-1: Called Strike
0-2: Ground out 4-3 (Groundball, 4, EV 84.4 MPH)
Batting: RHB Joe LaDue 0-0: Called Strike
0-1: Called Strike
0-2: Ball
1-2: Ground out 6-3 (Groundball, P, EV 90.6 MPH)
Batting: RHB Juan Martinez 0-0: Called Strike
0-1: SINGLE (Groundball, 6M, EV 99.4 MPH)
Batting: RHB Fabrice Bertin 0-0: Ball
1-0: Ball
2-0: Called Strike
2-1: Fly out, F7 (Flyball, 78M, EV 72.5 MPH)
Top of the 3rd over - 0 runs, 1 hit, 0 errors, 1 left on base; Memphis 0 - El Paso 0
BOTTOM OF THE 3RD
El Paso Chihuahuas batting - Pitching for Memphis Redbirds : RHP Doug Nickey
Batting: LHB Angel Mejia 0-0: Called Strike
0-1: Ball
1-1: Ball
2-1: Ball
3-1: Called Strike
3-2: Foul Ball, location: 2F
3-2: Foul Ball, location: 2F
3-2: Ground out 6-3 (Groundball, 6M, EV 106.2 MPH)
Batting: LHB Rich Atterberry 0-0: Ball
1-0: Foul Ball, location: 2F
1-1: Ball
2-1: Foul Ball, location: 2F
2-2: Fly out, F9 (Flyball, 89S, EV 71.9 MPH)
Batting: SHB Harrison McLaughlin 0-0: Ball
1-0: Ball
2-0: Called Strike
2-1: Foul Ball, location: 2F
2-2: Ground out 3-1 (Groundball, 13, EV 83.8 MPH)
Bottom of the 3rd over - 0 runs, 0 hits, 0 errors, 0 left on base; Memphis 0 - El Paso 0
TOP OF THE 4TH
Memphis Redbirds batting - Pitching for El Paso Chihuahuas : LHP Ryan Tatum
Batting: RHB Josh Martin 0-0: Ball
1-0: Ball
2-0: Foul Ball, location: 2F
2-1: Fly out, F8 (Flyball, 8RD, EV 81.2 MPH)
Batting: RHB McGwire Jones 0-0: Ball
1-0: Ball
2-0: Called Strike
2-1: Ground out 5-3 (Groundball, 56S, EV 88.8 MPH)
Batting: RHB Pablo Nunez 0-0: Swinging Strike
0-1: Fly out, F7 (Flyball, 7LD, EV 108.1 MPH)
Top of the 4th over - 0 runs, 0 hits, 0 errors, 0 left on base; Memphis 0 - El Paso 0
BOTTOM OF THE 4TH
El Paso Chihuahuas batting - Pitching for Memphis Redbirds : RHP Doug Nickey
Pitching: RHP Mike Tallerico
Batting: RHB Robby Godwin 0-0: Called Strike
0-1: Swinging Strike
0-2: Ball
1-2: Foul Ball, location: 2F
1-2: SINGLE (Line Drive, 34, EV 98.8 MPH)
Batting: RHB Jeff Brower 0-0: Ball
1-0: Called Strike
1-1: Fielders Choice at 2nd, 5-4 (Groundball, 5L, EV 86.9 MPH)
Batting: RHB Mike Hayward 0-0: Foul Ball, location: 2F
0-1: Ground out 6-3 (Groundball, 56, EV 104.4 MPH)
Jeff Brower to second
Batting: SHB Adam Martin 0-0: Swinging Strike
0-1: Ball
1-1: Ground out 4-3 (Groundball, 4, EV 80.6 MPH)
Bottom of the 4th over - 0 runs, 1 hit, 0 errors, 1 left on base; Memphis 0 - El Paso 0
TOP OF THE 5TH
Memphis Redbirds batting - Pitching for El Paso Chihuahuas : LHP Ryan Tatum
Batting: RHB William Lung 0-0: Ball
1-0: Ball
2-0: Swinging Strike
2-1: Foul Ball, location: 2F
2-2: Ground out 1-3 (Groundball, 34S, EV 64.4 MPH)
Batting: RHB Dan Boykins 0-0: Ball
1-0: Called Strike
1-1: Ball
2-1: Ball
3-1: Foul Ball, location: 2F
3-2: Base on Balls
Batting: LHB Sam Britt 0-0: Called Strike
0-1: Ball
1-1: Ball
2-1: Ball
3-1: Fly out, F7 (Flyball, 7, EV 87.5 MPH)
Batting: RHB Joe LaDue 0-0: Ball
1-0: Ball
2-0: Called Strike
2-1: Fielders Choice at 2nd, 6-4 (Groundball, 6, EV 80.6 MPH)
Top of the 5th over - 0 runs, 0 hits, 0 errors, 1 left on base; Memphis 0 - El Paso 0
BOTTOM OF THE 5TH
El Paso Chihuahuas batting - Pitching for Memphis Redbirds : RHP Mike Tallerico
Batting: RHB Andy Sheridan 0-0: Ball
1-0: Ball
2-0: Fly out, F9 (Flyball, 89S, EV 80.6 MPH)
Batting: RHB Jerry Escamilla 0-0: Ball
1-0: Foul Ball, location: 2F
1-1: Ball
2-1: Foul Ball, location: 2F
2-2: Ground out 5-3 (Groundball, 5S, EV 91.9 MPH)
Batting: LHB Angel Mejia 0-0: Ball
1-0: Ball
2-0: Called Strike
2-1: Ball
3-1: Fly out, F7 (Flyball, 78S, EV 90.0 MPH)
Bottom of the 5th over - 0 runs, 0 hits, 0 errors, 0 left on base; Memphis 0 - El Paso 0
TOP OF THE 6TH
Memphis Redbirds batting - Pitching for El Paso Chihuahuas : LHP Ryan Tatum
Batting: RHB Juan Martinez 0-0: Ball
1-0: Ball
2-0: Ball
3-0: Called Strike
3-1: Base on Balls
Batting: RHB Fabrice Bertin 0-0: Called Strike
0-1: Swinging Strike
0-2: Ball
1-2: Ball
2-2: SINGLE (Line Drive, 8LS, EV 92.5 MPH)
Juan Martinez to second
Batting: RHB Josh Martin 0-0: Ball
Wild Pitch!
Juan Martinez to third
Fabrice Bertin to second
1-0: Foul Ball, location: 2F
1-1: Ball
2-1: Swinging Strike
2-2: Ground out 6-3 (Groundball, 6MS, EV 72.5 MPH)
Batting: RHB McGwire Jones 0-0: Ball
1-0: Ball
2-0: Ball
3-0: Base on Balls
Batting: RHB Pablo Nunez 0-0: Called Strike
0-1: Foul Ball, location: 2F
0-2: Ball
1-2: Ball
2-2: Grounds into fielders choice 3-2 (Groundball, 34S, EV 71.9 MPH)
Fabrice Bertin to third
McGwire Jones to second
Pitching: RHP Frank Diaz
Batting: RHB William Lung 0-0: Called Strike
0-1: Ball
1-1: Foul Ball, location: 2F
1-2: Strikes out swinging
Top of the 6th over - 0 runs, 1 hit, 0 errors, 3 left on base; Memphis 0 - El Paso 0
BOTTOM OF THE 6TH
El Paso Chihuahuas batting - Pitching for Memphis Redbirds : RHP Mike Tallerico
Batting: LHB Rich Atterberry 0-0: Ball
1-0: Ball
2-0: Ground out 4-3 (Groundball, 34D, EV 106.2 MPH)
Batting: SHB Harrison McLaughlin 0-0: Ball
1-0: Foul Ball, location: 2F
1-1: Called Strike
1-2: Fly out, F8 (Flyball, 78S, EV 96.2 MPH)
Batting: RHB Robby Godwin 0-0: Called Strike
0-1: Foul Ball, location: 2F
0-2: Foul Ball, location: 2F
0-2: Foul Ball, location: 2F
0-2: Foul Ball, location: 2F
0-2: Foul Ball, location: 2F
0-2: Ball
1-2: Ground out 4-3 (Groundball, 4, EV 108.8 MPH)
Bottom of the 6th over - 0 runs, 0 hits, 0 errors, 0 left on base; Memphis 0 - El Paso 0
TOP OF THE 7TH
Memphis Redbirds batting - Pitching for El Paso Chihuahuas : RHP Frank Diaz
Batting: RHB Dan Boykins 0-0: Ball
1-0: Called Strike
1-1: Ball
2-1: Foul Ball, location: 2F
2-2: Ball
3-2: Foul Ball, location: 2F
3-2: Fly out, F9 (Flyball, 9, EV 90.0 MPH)
Batting: LHB Sam Britt 0-0: Fly out, F8 (Flyball, 8LD, EV 95.6 MPH)
Batting: RHB Joe LaDue 0-0: Ball
1-0: Ball
2-0: Ground out 4-3 (Groundball, 4, EV 102.5 MPH)
Top of the 7th over - 0 runs, 0 hits, 0 errors, 0 left on base; Memphis 0 - El Paso 0
BOTTOM OF THE 7TH
El Paso Chihuahuas batting - Pitching for Memphis Redbirds : RHP Mike Tallerico
Pitching: RHP Josh Sabatino
Batting: RHB Jeff Brower 0-0: Foul Ball, location: 2F
0-1: Foul Ball, location: 2F
0-2: Fly out, F8 (Flyball, 8RD, EV 108.1 MPH)
Batting: RHB Mike Hayward 0-0: Foul Ball, location: 2F
0-1: Ball
1-1: Swinging Strike
1-2: Hit by Pitch
Batting: SHB Adam Martin 0-0: Foul Ball, location: 2F
0-1: Ball
1-1: Fly out, F8 (Flyball, 8LM, EV 81.9 MPH)
Batting: LHB Carlos Cuellar 0-0: Ground out U3 (Groundball, 3L, EV 108.8 MPH)
Bottom of the 7th over - 0 runs, 0 hits, 0 errors, 1 left on base; Memphis 0 - El Paso 0
TOP OF THE 8TH
Memphis Redbirds batting - Pitching for El Paso Chihuahuas : RHP Frank Diaz
Pinch Hitting: LHB Tsutomu Miyahara 0-0: Called Strike
0-1: Ball
1-1: Ball
2-1: Fly out, F9 (Flyball, 9S, EV 82.5 MPH)
Batting: RHB Fabrice Bertin 0-0: Called Strike
0-1: Ball
1-1: SINGLE (Groundball, 56S, EV 68.1 MPH) (infield hit)
Batting: RHB Josh Martin 0-0: Called Strike
0-1: Swinging Strike
0-2: Strikes out looking
Batting: RHB McGwire Jones 0-0: Ball
1-0: Fielders Choice at 2nd, 6-4 (Groundball, 6, EV 83.1 MPH)
Top of the 8th over - 0 runs, 1 hit, 0 errors, 1 left on base; Memphis 0 - El Paso 0
BOTTOM OF THE 8TH
El Paso Chihuahuas batting - Pitching for Memphis Redbirds : RHP Josh Sabatino
Now in RF: Tsutomu Miyahara
Batting: RHB Jerry Escamilla 0-0: Ball
1-0: Ground out 5-3 (Groundball, 5S, EV 67.5 MPH)
Batting: LHB Angel Mejia 0-0: Called Strike
0-1: Called Strike
0-2: SINGLE (Groundball, 34D, EV 105.6 MPH)
Batting: LHB Rich Atterberry 0-0: Ball
1-0: Called Strike
1-1: Grounds into double play, 5-4-3 (Groundball, 6, EV 79.4 MPH)
Bottom of the 8th over - 0 runs, 1 hit, 0 errors, 0 left on base; Memphis 0 - El Paso 0
TOP OF THE 9TH
Memphis Redbirds batting - Pitching for El Paso Chihuahuas : RHP Frank Diaz
Pitching: RHP Colin Dorsey
Pinch Hitting: LHB Adam Eisen 0-0: SINGLE (Groundball, P, EV 84.4 MPH) (infield hit)
Batting: LHB Ronnie Ashley 0-0: Ball
Adam Eisen steals 2nd base
1-0: Intentional Walk
Batting: RHB Dan Boykins 0-0: Ball
1-0: Called Strike
1-1: Ball
2-1: Foul Ball, location: 2F
2-2: SINGLE (Line Drive, 56D, EV 97.5 MPH)
Adam Eisen to third
Ronnie Ashley to second
Batting: LHB Sam Britt 0-0: Ball
1-0: Called Strike
1-1: Ball
2-1: Foul Ball, location: 2F
2-2: Foul Ball, location: 2F
2-2: Foul Ball, location: 2F
2-2: Foul Ball, location: 2F
2-2: Foul Ball, location: 2F
2-2: Ball
3-2: Grounds into fielders choice 4-2 (Groundball, 34, EV 78.8 MPH)
Ronnie Ashley to third
Dan Boykins to second
Batting: RHB Joe LaDue 0-0: Ball
1-0: Swinging Strike
1-1: DOUBLE (Flyball, 8RXD, EV 111.2 MPH)
Ronnie Ashley scores
Dan Boykins scores
Sam Britt to third
Runner from 3rd tries for Home, SAFE, no throw by CF
Batting: LHB Tsutomu Miyahara 0-0: Intentional Walk
Batting: RHB Fabrice Bertin 0-0: Ball
1-0: Ball
2-0: Foul Ball, location: 2F
2-1: Ball
3-1: Base on Balls
Joe LaDue to third
Tsutomu Miyahara to second
Batting: RHB Josh Martin 0-0: Ball
1-0: Swinging Strike
1-1: Swinging Strike
1-2: Strikes out swinging
Pitching: RHP Ronnie DeVries
Batting: RHB McGwire Jones 0-0: Ball
1-0: Ball
2-0: Ball
3-0: Base on Balls
Joe LaDue scores
Tsutomu Miyahara to third
Fabrice Bertin to second
Batting: LHB Adam Eisen 0-0: Called Strike
0-1: Ball
1-1: Ball
2-1: Ball
3-1: Foul Ball, location: 2F
3-2: Strikes out swinging
Top of the 9th over - 4 runs, 3 hits, 0 errors, 3 left on base; Memphis 4 - El Paso 0
BOTTOM OF THE 9TH
El Paso Chihuahuas batting - Pitching for Memphis Redbirds : RHP Josh Sabatino
Now in CF: Adam Eisen
Batting: SHB Harrison McLaughlin 0-0: Ground out 4-3 (Groundball, 4M, EV 88.8 MPH)
Batting: RHB Robby Godwin 0-0: Foul Ball, location: 2F
0-1: Ground out 5-3 (Groundball, 56, EV 104.4 MPH)
Batting: RHB Jeff Brower 0-0: Swinging Strike
0-1: Ball
1-1: Called Strike
1-2: Ball
2-2: Ball
3-2: Foul Ball, location: 2F
3-2: Strikes out looking
Bottom of the 9th over - 0 runs, 0 hits, 0 errors, 0 left on base; Memphis 4 - El Paso 0
Sunday, July 16th , 2023 - OOTP Baseball 24.6 Build 69